Map: Rafa otchłani ER

Players

Sliwinsky - Winner!

  • Race: Zerg Zerg
  • Spawn Location: 11:00

Isma

  • Race: Zerg Zerg
  • League: Diamond
  • Spawn Location: 5:00

VOD

Have the link to the VOD?

Description

Time

  • Played on: Jan. 19, 2018, 8:04 a.m.
  • Length: 10:09
Show
View Real Time Build Order
Export as new Build Order

Sliwinsky Zerg - Winner!

Build Orders: Pool First 

Get SALT Encoding   

  12  0:01  Drone  
  13  0:12  Overlord  
  13  0:17  Drone  
  14  0:31  Drone x2  
  14  0:34  Drone  
  17  0:46  Spawning Pool  
  17  0:48  Drone  
  17  1:09  Hatchery  
  16  1:12  Drone  
  16  1:15  Extractor  
  16  1:33  Zergling x6  
  16  1:34  Queen  
  21  1:44  Overlord  
  21  1:59  Drone  
  22  2:09  Queen  
  22  2:10  Drone  
  25  2:15  Metabolic Boost  
  25  2:17  Drone  
  26  2:23  Drone  
  26  2:26  Drone  
  28  2:34  Drone  
  29  2:39  Drone  
  30  2:44  Drone x3  
  30  2:47  Drone  
  33  2:53  Overlord, Baneling Nest  
  32  2:59  Drone  
  32  3:03  Drone  
  34  3:10  Overlord  
  34  3:15  Drone x2  
  36  3:24  Zergling x12  
  42  3:31  Zergling x4  
  44  3:45  Baneling x2  
  44  3:46  Baneling x2  
  45  3:48  Zergling x4  
  45  3:50  Hatchery  
  45  3:52  Drone x3  
  45  3:54  Drone  
  49  4:03  Drone  
  49  4:04  Drone x2  
  52  4:17  Overlord  
  50  4:19  Roach Warren, Extractor  
  50  4:20  Extractor  
  46  4:26  Drone x6  
  46  4:29  Evolution Chamber  
  51  4:32  Drone  
  51  4:37  Drone x4  
  56  4:44  Lair  
  56  4:48  Drone x2  
  57  4:55  Extractor  
  56  5:05  Zerg Missile Weapons Level 1  
  56  5:06  Queen  
  58  5:08  Drone x7  
  58  5:12  Drone  
  66  5:15  Overlord  
  66  5:16  Overlord  
  66  5:21  Overlord  
  66  5:23  Overlord  
  65  5:29  Overlord  
  65  5:40  Drone x7  
  72  5:43  Glial Reconstitution  
  72  5:46  Drone x2  
  72  5:48  Overlord x2  
  74  5:50  Roach  
  74  5:53  Roach  
  78  6:01  Roach  
  78  6:04  Roach  
  82  6:05  Roach  
  82  6:06  Hatchery  
  82  6:08  Roach  
  82  6:09  Roach  
  87  6:13  Roach x2  
  87  6:14  Roach  
  92  6:25  Roach x4  
  100  6:26  Roach x2  
  100  6:27  Queen  
  100  6:30  Overlord  
  106  6:33  Overseer  
  105  6:46  Roach x3  
  111  6:49  Roach x2  
  111  6:50  Evolution Chamber, Roach x2  
  111  6:53  Roach  
  120  6:59  Roach x2  
  120  7:00  Roach x2  
  120  7:01  Overlord x2  
  128  7:07  Zerg Missile Weapons Level 2  
  127  7:14  Roach x2  
  127  7:15  Roach  
  130  7:20  Zerg Ground Armor Level 1  
  130  7:23  Extractor, Drone  
  130  7:26  Roach x5  
  130  7:27  Roach x2  
  144  7:39  Roach  
  144  7:40  Roach x2  
  144  7:44  Overlord x4  
  150  8:06  Roach x4  
  150  8:07  Roach x8  
  174  8:31  Roach  
  174  8:32  Roach x4  
  184  8:36  Overlord  
  184  8:37  Overlord x3, Hydralisk Den, Extractor  
  184  8:38  Extractor  
  179  8:46  Roach x6  
  163  8:56  Roach x5  
  163  8:57  Roach x7  
  177  9:08  Roach x6  
  185  9:18  Roach  
  185  9:19  Roach x3  
  193  9:26  Drone x3  
  193  9:30  Drone  
  189  9:39  Roach x3  
  189  9:41  Roach  
  189  9:45  Roach x6  
  165  9:49  Roach  
Show
View Real Time Build Order
Export as new Build Order

Isma Zerg 

Build Orders: Hatch First 

Get SALT Encoding   

  12  0:01  Drone  
  13  0:13  Overlord  
  13  0:17  Drone  
  14  0:31  Drone x2  
  14  0:35  Drone  
  17  0:52  Hatchery  
  17  0:56  Drone  
  17  0:59  Drone  
  18  1:09  Extractor  
  17  1:15  Spawning Pool  
  17  1:17  Drone  
  17  1:20  Drone  
  18  1:28  Drone  
  19  1:39  Overlord  
  19  1:52  Drone  
  20  2:02  Zergling x2, Queen  
  20  2:05  Zergling x2, Queen  
  26  2:13  Drone  
  27  2:16  Zergling x2  
  28  2:25  Zergling x2  
  29  2:35  Zergling x4  
  30  2:51  Drone x3  
  30  2:52  Roach Warren  
  32  3:02  Drone  
  32  3:03  Drone  
  32  3:05  Drone  
  35  3:16  Hatchery  
  35  3:18  Drone x2  
  35  3:19  Overlord  
  36  3:29  Overlord  
  36  3:38  Drone  
  36  3:39  Drone x2  
  36  3:40  Drone x3  
  42  3:48  Roach x2  
  46  3:51  Roach  
  46  3:54  Roach  
  50  3:56  Roach  
  52  4:03  Overlord  
  48  4:17  Roach  
  48  4:18  Roach  
  48  4:23  Drone  
  48  4:24  Drone x5  
  56  4:33  Roach x5  
  56  4:36  Lair  
  66  4:46  Overlord x2  
  66  4:47  Overlord  
  66  4:49  Extractor  
  65  5:00  Overlord x4  
  65  5:08  Extractor, Drone  
  65  5:09  Drone x4  
  69  5:17  Queen  
  69  5:18  Drone x2  
  73  5:22  Drone x2  
  73  5:23  Drone  
  76  5:29  Roach x2  
  80  5:36  Evolution Chamber x2  
  80  5:37  Glial Reconstitution  
  80  5:39  Drone  
  80  5:40  Drone  
  80  5:42  Drone  
  81  5:44  Overseer  
  81  5:49  Roach x2  
  85  6:00  Drone x3  
  85  6:02  Extractor  
  87  6:08  Drone  
  88  6:11  Zerg Missile Weapons Level 1  
  88  6:12  Zerg Ground Armor Level 1  
  88  6:14  Drone x3  
  88  6:15  Drone  
  91  6:21  Roach x2  
  95  6:33  Hatchery  
  95  6:38  Roach  
  95  6:39  Roach x5  
  106  6:40  Roach  
  108  6:49  Extractor, Drone  
  108  6:50  Drone x2  
  108  6:51  Extractor, Drone x3  
  108  6:52  Drone x3  
  108  6:53  Roach  
  117  6:57  Roach  
  119  7:01  Roach  
  121  7:14  Overlord x2  
  121  7:15  Overlord x5  
  121  7:33  Roach  
  121  7:34  Roach x3  
  121  7:35  Roach x7  
  143  7:44  Hydralisk Den  
  143  7:50  Roach x2  
  143  7:51  Roach x3  
  152  7:57  Roach x5  
  158  8:02  Roach  
  158  8:03  Roach x2  
  152  8:15  Roach  
  152  8:17  Roach  
  152  8:19  Roach  
  158  8:23  Roach x2  
  158  8:25  Roach  
  164  8:28  Roach  
  164  8:29  Roach  
  163  8:53  Roach x7  
  163  8:54  Roach x4  
  181  9:14  Roach  
  181  9:16  Overlord x4  
  180  9:26  Roach x2  
  182  9:39  Roach x3  
  182  9:40  Roach  
Tags
 
Add a new tag
Caveats
  • Supply blocks, unpowered buildings, or Contaminate may cause inaccurate times.
  • Supply counts are checked every 10 seconds.